Map: Bel'Shir Vestige LE (Void)

Players

ForceTheWin

  • Race: Protoss Protoss
  • League: Diamond
  • Spawn Location: 5:00

Musumeci - Winner!

  • Race: Zerg Zerg
  • League: Diamond
  • Spawn Location: 11:00

VOD

Have the link to the VOD?

Description

Time

  • Played on: March 23, 2017, 10:57 a.m.
  • Length: 20:18
Show
View Real Time Build Order
Export as new Build Order

ForceTheWin Protoss 

Build Orders: 1 Gate Expand 

Get SALT Encoding   

  12  0:01  Probe (Chrono Boost)  
  13  0:11  Probe (Chrono Boost)  
  14  0:18  Pylon  
  14  0:22  Probe (Chrono Boost)  
  15  0:30  Assimilator  
  15  0:36  Probe (Chrono Boost)  
  16  0:47  Gateway  
  17  0:50  Probe (Chrono Boost)  
  17  0:57  Pylon  
  17  1:01  Probe (Chrono Boost)  
  18  1:11  Probe (Chrono Boost)  
  19  1:22  Probe (Chrono Boost)  
  20  1:32  Nexus  
  20  1:40  Pylon  
  20  1:45  Probe (Chrono Boost)  
  21  1:53  Cybernetics Core  
  21  2:00  Probe (Chrono Boost)  
  22  2:02  Assimilator  
  22  2:11  Probe (Chrono Boost)  
  22  2:14  Pylon  
  23  2:20  Pylon  
  23  2:26  Probe (Chrono Boost)  
  24  2:30  Warp Gate  
  24  2:32  Adept  
  26  2:45  Probe x2 (Chrono Boost)  
  26  2:51  Gateway  
  28  2:56  Probe x2 (Chrono Boost)  
  30  3:01  Pylon  
  30  3:07  Sentry  
  30  3:09  Probe x2 (Chrono Boost)  
  34  3:18  Pylon  
  34  3:23  Forge  
  34  3:27  Twilight Council  
  34  3:30  Probe x2 (Chrono Boost)  
  36  3:35  Sentry  
  36  3:38  Sentry  
  40  3:44  Probe x2 (Chrono Boost)  
  42  3:53  Gateway  
  42  3:54  Gateway  
  42  3:58  Protoss Ground Weapons Level 1  
  42  4:04  Gateway  
  42  4:09  Resonating Glaives  
  42  4:11  Probe x2 (Chrono Boost)  
  44  4:20  Gateway  
  44  4:23  Gateway  
  44  4:34  Pylon  
  42  4:39  Zealot  
  42  4:44  Assimilator  
  35  4:46  Assimilator  
  36  5:02  Probe (Chrono Boost)  
  35  5:10  Adept x3  
  41  5:17  Probe x2 (Chrono Boost)  
  43  5:22  Adept  
  43  5:23  Adept  
  43  5:28  Probe (Chrono Boost)  
  48  5:36  Probe (Chrono Boost)  
  48  5:38  Probe (Chrono Boost)  
  50  5:46  Adept x2  
  54  5:56  Adept x3  
  60  6:08  Pylon  
  47  6:55  Adept x3  
  47  6:56  Adept x4  
  53  7:20  Adept  
  53  7:21  Adept x6  
  65  7:28  Probe x2 (Chrono Boost)  
  65  7:30  Protoss Ground Armor Level 1  
  65  7:38  Probe (Chrono Boost)  
  65  7:39  Probe (Chrono Boost)  
  67  7:45  Robotics Facility  
  67  7:49  Probe (Chrono Boost)  
  64  7:56  Adept  
  64  7:57  Adept x3  
  59  8:06  Probe x2 (Chrono Boost)  
  58  8:17  Probe (Chrono Boost)  
  59  8:26  Probe (Chrono Boost)  
  59  8:27  Probe (Chrono Boost)  
  59  8:34  Observer  
  60  8:36  Probe (Chrono Boost)  
  60  8:39  Probe (Chrono Boost)  
  63  8:51  Probe (Chrono Boost)  
  63  8:53  Probe (Chrono Boost), Immortal  
  69  9:02  Probe (Chrono Boost)  
  70  9:05  Pylon  
  70  9:06  Mothership Core (Chrono Boost)  
  70  9:07  Pylon  
  72  9:12  Probe (Chrono Boost)  
  73  9:23  Probe (Chrono Boost)  
  74  9:25  Probe (Chrono Boost)  
  75  9:33  Probe (Chrono Boost)  
  70  9:54  Immortal  
  70  9:55  Stalker x2, Sentry x2  
  80  10:01  Probe x2 (Chrono Boost)  
  80  10:09  Sentry x2  
  80  10:11  Probe (Chrono Boost)  
  85  10:23  Probe x2 (Chrono Boost)  
  87  10:34  Probe x2 (Chrono Boost)  
  89  10:40  Warp Prism  
  91  10:46  Robotics Facility  
  91  10:47  Pylon  
  89  11:02  Protoss Ground Weapons Level 2  
  85  11:07  Stalker  
  85  11:09  Zealot x2  
  91  11:16  Immortal  
  95  11:32  Stalker  
  95  11:33  Stalker x2  
  96  11:48  Zealot  
  96  11:49  Zealot x2  
  102  11:57  Nexus  
  102  11:58  Pylon  
  102  12:17  Immortal  
  106  12:28  Pylon  
  106  12:30  Pylon  
  106  12:39  Immortal  
  110  12:56  Stalker x2, Immortal  
  110  12:57  Stalker x2  
  122  13:00  Probe (Chrono Boost)  
  127  13:27  Immortal  
  127  13:30  Probe x3 (Chrono Boost)  
  130  13:35  Immortal  
  130  13:38  Templar Archives  
  134  13:43  Adept  
  134  13:44  Adept  
  138  13:54  Photon Cannon  
  136  13:56  Photon Cannon  
  132  14:07  Stalker x2  
  132  14:08  Stalker  
  138  14:24  Pylon  
  138  14:26  Pylon  
  138  14:37  Pylon  
  138  14:43  Warp Prism, Pylon  
  139  14:50  Stalker x2  
  141  15:11  Stalker x3  
  141  15:12  Stalker  
  149  15:26  Pylon  
  149  15:28  Pylon  
  147  15:48  High Templar x4  
  155  15:51  Probe x3 (Chrono Boost)  
  155  15:52  Archon  
  155  15:53  Archon  
  158  16:04  Stalker x2  
  158  16:24  High Templar x2  
  144  16:36  Archon  
  143  16:42  Forge  
  139  16:53  Pylon  
  135  16:58  Pylon  
  134  17:01  Pylon  
  134  17:05  Pylon  
  134  17:09  Pylon  
  134  17:21  Pylon  
  130  17:29  Mothership Core (Chrono Boost), Pylon, Blink  
  75  18:03  Stalker x3  
  79  18:19  Pylon  
  79  18:20  High Templar x2  
  79  18:26  Archon  
  81  18:41  High Templar x2  
  43  19:34  Adept  
  43  19:35  Adept x2  
  43  19:36  Archon  
  28  19:49  Stalker  
Show
View Real Time Build Order
Export as new Build Order

Musumeci Zerg - Winner!

Build Orders: Hatch First 

Get SALT Encoding   

  12  0:04  Drone  
  13  0:12  Overlord  
  13  0:19  Drone  
  14  0:23  Drone, Extractor  
  15  0:30  Drone  
  16  0:37  Drone  
  17  1:07  Drone, Extractor  
  17  1:11  Hatchery  
  16  1:12  Spawning Pool  
  15  1:22  Drone x2  
  18  1:25  Drone  
  18  1:33  Drone  
  19  1:43  Overlord  
  19  1:58  Queen  
  19  2:00  Zergling x2  
  22  2:05  Drone  
  23  2:09  Metabolic Boost  
  23  2:22  Queen  
  23  2:25  Zergling x2  
  23  2:29  Drone  
  27  2:30  Drone  
  28  2:37  Queen  
  30  2:44  Drone x2  
  32  3:07  Drone x4  
  36  3:21  Hatchery  
  35  3:39  Zergling x2  
  36  3:43  Overlord x2  
  36  3:45  Evolution Chamber  
  35  3:49  Zergling x2  
  36  3:59  Lair  
  36  4:00  Extractor  
  35  4:04  Drone x7  
  35  4:05  Drone x3  
  35  4:08  Extractor  
  44  4:21  Drone x4  
  48  4:37  Drone x2  
  48  4:38  Drone x3  
  49  5:01  Roach Warren  
  48  5:10  Overlord x2  
  48  5:15  Zerg Melee Weapons Level 1  
  48  5:16  Zergling x14  
  55  5:22  Extractor  
  54  5:33  Extractor  
  53  5:43  Roach x10  
  73  6:00  Overlord x4  
  73  6:08  Ravager  
  62  6:36  Roach x3  
  62  6:37  Roach x11  
  82  6:48  Queen  
  67  7:05  Zergling x20  
  77  7:13  Drone  
  78  7:28  Drone x3  
  78  7:29  Drone x4  
  85  7:33  Drone  
  85  7:54  Drone  
  85  7:55  Drone x2  
  83  8:23  Drone x14  
  83  8:24  Drone  
  98  8:30  Queen  
  100  8:36  Glial Reconstitution  
  98  8:43  Drone  
  98  8:44  Drone x2  
  98  8:46  Drone x3  
  104  8:59  Zergling x2  
  104  9:02  Overlord x5  
  105  9:03  Overlord  
  105  9:21  Zergling x6  
  108  9:29  Extractor  
  107  9:45  Drone x6  
  102  9:46  Drone x2  
  99  10:26  Roach  
  99  10:27  Roach x11  
  122  10:29  Ravager x8  
  122  10:31  Queen  
  132  10:43  Drone x2  
  132  10:44  Spire  
  131  11:10  Ravager x3  
  134  11:40  Hatchery  
  134  11:43  Ravager x9  
  134  11:44  Extractor  
  141  11:49  Zergling x8  
  141  11:50  Zergling x2  
  146  12:01  Overlord x6  
  147  12:10  Spine Crawler  
  147  12:12  Spine Crawler, Drone  
  147  12:13  Overlord  
  147  12:14  Spine Crawler, Overlord x3  
  145  12:59  Spine Crawler  
  143  13:25  Roach x5  
  143  13:26  Mutalisk x5  
  143  13:27  Mutalisk x8  
  151  13:30  Overlord x3  
  151  13:33  Drone x4  
  151  13:34  Drone x3  
  181  13:35  Drone x6  
  188  14:04  Extractor x2  
  186  14:26  Mutalisk x6  
  186  14:29  Overlord x4  
  174  15:14  Mutalisk x9  
  174  15:15  Mutalisk x2, Roach  
  174  15:20  Zergling x2  
  199  15:23  Zerg Flyer Weapons Level 1  
  199  15:32  Spore Crawler  
  199  15:33  Spore Crawler  
  197  15:54  Mutalisk  
  191  16:06  Mutalisk x4  
  193  16:52  Mutalisk x5  
  184  18:11  Drone x6  
  188  18:36  Overseer x4  
  188  18:38  Overseer x3  
  188  18:52  Spine Crawler  
  186  18:58  Ravager x8  
  186  18:59  Ravager x2  
  123  19:29  Mutalisk  
  123  19:30  Mutalisk x25  
  123  19:31  Mutalisk  
  148  19:46  Zergling x4  
  148  19:47  Zergling x30  
Tags
 
Add a new tag
Caveats
  • Supply blocks, unpowered buildings, or Contaminate may cause inaccurate times.
  • Supply counts are checked every 10 seconds.